 Dungeon Crawl Stone Soup version 0.28-a0-1513-ge4f4046303 (webtiles) character file.

Game seed: 2327536207229486995

161 Gargoyl the Skirmisher (level 5, -17/47 HPs)
             Began as a Gnoll Abyssal Knight on Jan 16, 2022.
             Was a Believer of Lugonu.
             Demolished by an ogre (30 damage)
             ... on level 4 of the Dungeon.
             The game lasted 00:04:49 (4395 turns).

Gargoyl the Skirmisher (Gnoll Abyssal Knight)       Turns: 4395, Time: 00:04:49

Health: -17/47     AC:  9    Str: 14    XL:     5   Next: 42%
Magic:  8/8        EV:  6    Int: 10    God:    Lugonu [**....]
Gold:   117        SH:  6    Dex: 12    Spells: 6/6 levels left

rFire   . . .      SeeInvis .   a - +2 hand axe
rCold   . . .      Faith    .   f - +2 buckler
rNeg    + . .      Spirit   .   l - +0 chain mail
rPois   .          Reflect  .   (no helmet)
rElec   .          Harm     .   (no cloak)
rCorr   .          Rampage  .   (no gloves)
Will    .....                   (no boots)
Stlth   ..........              (no amulet)
HPRegen 0.15/turn               k - ring of positive energy
MPRegen 0.11/turn               (no ring)

@: no status effects
A: fangs 1, strong nose, distributed training
a: Renounce Religion, Depart the Abyss, Bend Space


You were on level 4 of the Dungeon.
You worshipped Lugonu.
Lugonu was pleased with you.
You visited 1 branch of the dungeon, and saw 4 of its levels.
You visited the Abyss 1 time.

You collected 167 gold pieces.
You spent 50 gold pieces at shops.

Inventory:

Hand Weapons
 a - a +2 hand axe (weapon)
Missiles
 j - 7 poisoned darts (quivered)
Armour
 f - a +2 buckler (worn)
 l - a +0 chain mail (worn)
Jewellery
 k - a ring of positive energy (left hand)
Wands
 b - a wand of iceblast (6)
Scrolls
 n - 2 scrolls of teleportation
Potions
 e - a potion of ambrosia {unknown}
 g - a potion of lignification {unknown}
 h - 3 potions of heal wounds
 m - a potion of haste {unknown}


   Skills:
 + Level 6.7 Fighting
 + Level 1.4 Short Blades
 + Level 1.4 Long Blades
 + Level 4.8 Axes
 + Level 1.4 Maces & Flails
 + Level 1.4 Polearms
 + Level 1.4 Staves
 + Level 1.4 Slings
 + Level 1.4 Bows
 + Level 1.4 Crossbows
 + Level 1.4 Throwing
 + Level 4.8 Armour
 + Level 3.0 Dodging
 + Level 1.4 Stealth
 + Level 1.4 Shields
 + Level 1.4 Unarmed Combat
 + Level 1.4 Spellcasting
 + Level 1.1 Conjurations
 + Level 1.1 Hexes
 + Level 1.1 Summonings
 + Level 1.1 Necromancy
 + Level 1.1 Translocations
 + Level 1.1 Transmutations
 + Level 1.1 Fire Magic
 + Level 1.1 Ice Magic
 + Level 1.1 Air Magic
 + Level 1.1 Earth Magic
 + Level 1.1 Poison Magic
 + Level 4.8 Invocations
 + Level 1.4 Evocations


You had 6 spell levels left.
You didn't know any spells.
Your spell library was empty.

Dungeon Overview and Level Annotations

Branches:
Dungeon (4/15)
 Temple: D:4-7

Altars:
Gozag
Kikubaaqudgha
Trog
Wu Jian
Zin

Shops:
D:2 !


Innate Abilities, Weirdness & Mutations

You have very sharp teeth.
Your uncanny sense of smell can sniff out nearby items.
Your experience applies equally to all skills.


Message History

You open the door.
An ogre comes into view. It is wielding a +0 giant club.
The ogre shouts!
There is an open door here.
An ogre is nearby!
An ogre is nearby!
An ogre is nearby!
An ogre is nearby!
Throw: 10 darts (poison)
Press: ? - help, Q - select action, (/) - cycle Shift-Dir - straight line, f - ogre
Aim: an ogre, wielding a +0 giant club (75% to hit)
You throw a poisoned dart.
The poisoned dart barely misses the ogre.
Unknown command.
Throw: 9 darts (poison)
Press: ? - help, Q - select action, (/) - cycle Shift-Dir - straight line, f/p - ogre
Aim: an ogre, wielding a +0 giant club (75% to hit)
You throw a poisoned dart. The poisoned dart hits the ogre.
Unknown command.
Throw: 8 darts (poison)
Press: ? - help, Q - select action, (/) - cycle Shift-Dir - straight line, f/p - ogre
Aim: an ogre, wielding a +0 giant club (75% to hit)
You throw a poisoned dart. The poisoned dart hits the ogre.
The ogre is poisoned.
You block the ogre's attack.
You hit the ogre.
The ogre is lightly wounded.
The ogre hits you with a +0 giant club.
You hit the ogre.
The ogre is heavily wounded.
The ogre hits you with a +0 giant club!
You hit the ogre. You bite the ogre, but do no damage.
The ogre is heavily wounded.
The ogre hits you with a +0 giant club!!
* * * LOW HITPOINT WARNING * * *
You hit the ogre.
The ogre is severely wounded.
The ogre hits you with a +0 giant club!!
Ouch! That really hurt!
You die...

########.# ********* .........#
#.......# ####.##..# #.......#
.....###.## #.......# ###### #..#
#.......# #..# #.......#
#..####......(# #.........O(..#
##..#####@#######
##########.###.........##########
.................................
##########..######.###.#########.
##.## #.# #.# #. #..# #.# #.# #.
##.## #.# #.# #. #..# #.# #.# #.
******#######.####[###.# #.


You could see an ogre (poisoned).

Vanquished Creatures
  An iguana (D:4)
  A hound skeleton (D:4)
  4 adders
  An adder skeleton (D:4)
  3 worms
  7 ball pythons
  3 bats (D:2)
  9 endoplasms
  6 giant cockroaches
  2 goblins
  8 hobgoblins
  4 jackals (D:4)
  11 kobolds
  4 quokkas (D:2)
  3 frilled lizards
  2 rats (D:1)
69 creatures vanquished.

Notes
Turn   | Place    | Note
-------+----------+-------------------------------------------
     0 | Abyss:1  | Gargoyl the Gnoll Abyssal Knight began the quest for the
                  | Orb.
     0 | Abyss:1  | Reached XP level 1. HP: 23/23 MP: 3/3
     0 | D:1      | Escaped the Abyss
   384 | D:1      | Reached XP level 2. HP: 29/29 MP: 5/5
   422 | D:1      | Found a faded altar of an unknown god.
   628 | D:1      | Reached * piety under Lugonu
  1029 | D:2      | Reached XP level 3. HP: 15/35 MP: 6/6
  1544 | D:2      | Found Seqim Mis's Distillery.
  1552 | D:2      | Bought a potion of heal wounds for 50 gold pieces
  1787 | D:2      | Reached skill level 1 in Short Blades
  1787 | D:2      | Reached skill level 1 in Long Blades
  1787 | D:2      | Reached skill level 1 in Maces & Flails
  1787 | D:2      | Reached skill level 1 in Polearms
  1787 | D:2      | Reached skill level 1 in Staves
  1787 | D:2      | Reached skill level 1 in Slings
  1787 | D:2      | Reached skill level 1 in Bows
  1787 | D:2      | Reached skill level 1 in Crossbows
  1787 | D:2      | Reached skill level 1 in Throwing
  1787 | D:2      | Reached skill level 1 in Stealth
  1787 | D:2      | Reached skill level 1 in Shields
  1787 | D:2      | Reached skill level 1 in Unarmed Combat
  1787 | D:2      | Reached skill level 1 in Spellcasting
  1787 | D:2      | Reached skill level 1 in Evocations
  1787 | D:2      | Reached XP level 4. HP: 27/41 MP: 7/7
  2060 | D:2      | Reached ** piety under Lugonu
  2900 | D:3      | Reached skill level 1 in Conjurations
  2900 | D:3      | Reached skill level 1 in Hexes
  2900 | D:3      | Reached skill level 1 in Summonings
  2900 | D:3      | Reached skill level 1 in Necromancy
  2900 | D:3      | Reached skill level 1 in Translocations
  2900 | D:3      | Reached skill level 1 in Transmutations
  2900 | D:3      | Reached skill level 1 in Fire Magic
  2900 | D:3      | Reached skill level 1 in Ice Magic
  2900 | D:3      | Reached skill level 1 in Air Magic
  2900 | D:3      | Reached skill level 1 in Earth Magic
  2900 | D:3      | Reached skill level 1 in Poison Magic
  3618 | D:4      | Found an ornate altar of the Wu Jian Council.
  3753 | D:4      | Reached XP level 5. HP: 40/47 MP: 8/8
  3905 | D:4      | Found a glowing silver altar of Zin.
  3905 | D:4      | Found an opulent altar of Gozag.
  4289 | D:4      | Found an ancient bone altar of Kikubaaqudgha.
  4290 | D:4      | Found a bloodstained altar of Trog.
  4388 | D:4      | Noticed an ogre
  4395 | D:4      | Demolished by an ogre

Illustrated notes

Levels and vault maps discovered:
D:1:      minmay_arrival_four_circles, layout_basic,
          ebering_ecumenical_altar_box
D:2:      minmay_kobold_bridge, layout_basic, serial_shops, shop_fountains,
          minmay_increasing_density
D:3:      layout_basic
D:4:      layout_basic, nzn_wu_jian_contemplation,
          grunt_temple_overflow_gold_and_silver, nicolae_overflow_hidden_temple

Skill      XL: |  1  2  3  4  5 |
---------------+----------------+-----
Short Blades   | 1 |  1.4
Long Blades    | 1 |  1.4
Maces & Flails | 1 |  1.4
Polearms       | 1 |  1.4
Staves         | 1 |  1.4
Slings         | 1 |  1.4
Bows           | 1 |  1.4
Crossbows      | 1 |  1.4
Throwing       | 1 |  1.4
Stealth        | 1 |  1.4
Shields        | 1 |  1.4
Unarmed Combat | 1 |  1.4
Spellcasting   | 1 |  1.4
Evocations     | 1 |  1.4
Conjurations   | 1 |  1.1
Hexes          | 1 |  1.1
Summonings     | 1 |  1.1
Necromancy     | 1 |  1.1
Translocations | 1 |  1.1
Transmutations | 1 |  1.1
Fire Magic     | 1 |  1.1
Ice Magic      | 1 |  1.1
Air Magic      | 1 |  1.1
Earth Magic    | 1 |  1.1
Poison Magic   | 1 |  1.1
Dodging        | 3 |  3.0
Fighting       | |  6.7
Axes           | |  4.8
Armour         | |  4.8
Invocations    | |  4.8

Action                   |  1- 3 |  4- 6 || total
-------------------------+-------+-------++-------
Melee: Hand axe          |   109 |   133 ||   242
       Bite              |     6 |    16 ||    22
Throw: Dart              |       |     3 ||     3
Invok: Depart the Abyss  |     1 |       ||     1
  Use: Scroll            |     1 |    10 ||    11
 Stab: Sleeping          |     1 |     1 ||     2
Armor: Leather armour    |    18 |       ||    18
       Ring mail         |    13 |    20 ||    33
       Chain mail        |       |    19 ||    19
Dodge: Dodged            |    69 |    53 ||   122
Block: Buckler           |     8 |    16 ||    24

Table legend: (Time is in decaauts)
 A = Elapsed time spent in this place.
 B = Non-inter-level travel time spent in this place.
 C = Inter-level travel time spent in this place.
 D = Time resting spent in this place.
 E = Time spent auto-exploring this place.
 F = Levels seen in this place.
 G = Mean time per level.
                   A        B        C        D        E       F      G
               +--------+--------+--------+--------+--------+-----+--------+
         Total |   4419 |   4314 |    105 |    457 |   3151 |   5 |  883.8 |
       Dungeon |   4419 |   4314 |    105 |    457 |   3151 |   4 | 1104.8 |
         Abyss |      0 |      0 |      0 |      0 |      0 |   1 |    0.0 |
               +--------+--------+--------+--------+--------+-----+--------+

Top non-repeatable levels by time:
     D:2: 1597 daAuts
     D:4: 1019 daAuts
     D:1: 1011 daAuts
     D:3: 792 daAuts
